 Dungeon Crawl Stone Soup version 0.30.1-9-gdf580d7c3d (webtiles) character file.

Game seed: 4543344763485456499

16 Ivernyr the Shield-Bearer (level 2, -5/24 HPs)
             Began as a Formicid Fighter on Oct 12, 2023.
             Succumbed to a goblin's poison
             ... on level 2 of the Dungeon.
             The game lasted 00:01:42 (464 turns).

Ivernyr the Shield-Bearer (Formicid Fighter)         Turns: 464, Time: 00:01:42

Health: -5/24      AC:  6    Str: 20    XL:     2   Next: 70%
Magic:  2/2        EV:  9    Int:  7    God:
Gold:   53         SH:  5    Dex: 13    Spells: 1/1 levels left

rFire   . . .        a - +0 long sword
rCold   . . .        c - +0 buckler
rNeg    . . .        b - +0 scale mail
rPois   .            (helmet unavailable)
rElec   .            (no cloak)
rCorr   .            (no gloves)
SInv    +            (no boots)
Will    .....        (no amulet) Stlth
                     (no ring)
HPRegen 0.24/turn    (no ring)
MPRegen 0.08/turn

%: no passive effects
@: lethally poisoned (-5 -> -32)
A: permanent stasis, dig shafts and tunnels, antennae 3, four strong arms
a: Dig, Shaft Self


You were on level 2 of the Dungeon.
You visited 1 branch of the dungeon, and saw 2 of its levels.

You collected 53 gold pieces.

Inventory:

Hand Weapons
 a - a +0 long sword (weapon)
Armour
 b - a +0 scale mail (worn)
 c - a +0 buckler (worn)
Scrolls
 f - a scroll of fear {unknown}
 h - a scroll of teleportation {unknown}
Potions
 d - 2 potions of might
 e - a potion of curing {unknown}
 g - 3 potions of flight {unknown}


   Skills:
 + Level 3.4 Fighting
 * Level 2.4 Long Blades
 + Level 3.4 Armour
 + Level 4.2 Shields


You had one spell level left.
You didn't know any spells.
Your spell library contained the following spells:

 Spells                   Type           Power      Damage    Failure   Level
 Apportation              Tloc           0%         N/A       85%         1
 Magic Dart               Conj           0%         1d3       85%         1
 Necrotise                Necr           0%         1d4       85%         1
 Summon Small Mammal      Summ           0%         N/A       85%         1
 Call Imp                 Summ           0%         N/A       94%         2
 Mephitic Cloud           Conj/Pois/Air  0%         N/A       99%         3


Dungeon Overview and Level Annotations

Branches:
Dungeon (2/15)

Altars:


Innate Abilities, Weirdness & Mutations

You cannot be hasted, slowed, berserked, paralysed or teleported.
You can dig through walls and to a lower floor.
You have a pair of large antennae on your head. (SInv)
Your four strong arms can wield two-handed weapons with a shield.


Message History

You block the jackal's attack. You block the goblin's attack.
You slash the jackal!
You kill the jackal!
You feel sick. You block the goblin's attack.
You hit the jackal.
The jackal is moderately wounded.
You feel sick. You block the jackal's attack. The jackal bites you.
The goblin hits you but does no damage.
You are more poisoned.
You hit the jackal.
The jackal is almost dead.
You feel sick.
The jackal bites you but does no damage.
You block the goblin's attack. The jackal barely misses you.
The goblin hits you but does no damage.
You are more poisoned.
You closely miss the jackal.
The jackal is almost dead.
You feel very sick. The jackal bites you. The jackal barely misses you.
The goblin closely misses you.
You barely miss the jackal.
The jackal is almost dead.
* * * LOW HITPOINT WARNING * * *
You feel sick.
The jackal bites you but does no damage.
The goblin hits you but does no damage.
You are lethally poisoned!
The jackal bites you but does no damage.
You closely miss the goblin.
* * * LOW HITPOINT WARNING * * *
You feel very sick. The jackal bites you.
* * * LOW HITPOINT WARNING * * *
The goblin hits you but does no damage.
You are more poisoned.
The jackal closely misses you. The goblin hits you but does no damage.
You are more poisoned.
You closely miss the goblin.
You die...

###########
#.g@h......
#.#########
#. .. ...
.... .....
{ #####[


You could see a jackal and a goblin.

Vanquished Creatures
  A dart slug (D:1)
  3 ball pythons (D:1)
  2 bats (D:1)
  An endoplasm (D:1)
  A goblin (D:1)
  2 jackals (D:2)
  A quokka (D:1)
11 creatures vanquished.

Notes
Turn   | Place    | Note
-------+----------+-------------------------------------------
     0 | D:1      | Ivernyr the Formicid Fighter began the quest for the Orb.
     0 | D:1      | Reached XP level 1. HP: 18/18 MP: 1/1
   140 | D:1      | Reached XP level 2. HP: 23/24 MP: 2/2
   464 | D:2      | Succumbed to a goblin's poison

Illustrated notes

Levels and vault maps discovered:
D:1:      minmay_arrival_loop, layout_basic, st_stairs_9
D:2:      layout_basic

Action                     || total
---------------------------++-------
  Melee: Long sword        ||    33
 Armour: Scale mail        ||    22
  Dodge: Dodged            ||    19
  Block: Buckler           ||    17
